 Dungeon Crawl Stone Soup version 0.31-a0-1338-gb567cfdca4 (webtiles) character file.

Game seed: 9888145339929950515

2211 Curundu the Covered (level 9, -1/79 HPs)
             Began as a Minotaur Berserker on Dec 22, 2023.
             Was an Elder of Trog.
             Slain by Erica
             ... wielding a +4 scimitar of flaming
              (9 damage)
             ... on level 8 of the Dungeon.
             The game lasted 00:23:27 (5754 turns).

Curundu the Covered (Minotaur Berserker)            Turns: 5754, Time: 00:23:27

Health: -1/79      AC: 18    Str: 25    XL:     9   Next: 13%
Magic:  8/8        EV:  4    Int:  4    God:    Trog [****..]
Gold:   214        SH:  8    Dex: 11    Spells: 8/8 levels left

rFire   . . .        C - +8 flail
rCold   . . .        B - +0 kite shield
rNeg    . . .        h - +0 plate armour
rPois   .            d - +2 hat
rElec   .            (no cloak)
rCorr   .            g - +0 pair of gloves
SInv    .            u - +0 pair of boots
Will    .....        (no amulet) Stlth
                     b - +4 ring of slaying
HPRegen 0.33/turn    (no ring)
MPRegen 0.11/turn

%: no passive effects
@: slowed, constricted, very slow
A: horns 2, retaliatory headbutt
a: Renounce Religion, Berserk, Trog's Hand, Brothers in Arms


You were on level 8 of the Dungeon.
You worshipped Trog.
Trog was greatly pleased with you.
You visited 1 branch of the dungeon, and saw 8 of its levels.

You collected 214 gold pieces.

Inventory:

Hand Weapons
 C - a +8 flail (weapon)
Missiles
 t - 12 boomerangs
Armour
 d - a +2 hat (worn)
 g - a +0 pair of gloves (worn)
 h - a +0 plate armour (worn)
 u - a +0 pair of boots (worn)
 B - a +0 kite shield (worn)
Jewellery
 b - a +4 ring of slaying (left hand)
Wands
 H - a wand of iceblast (13) (quivered)
Scrolls
 a - a scroll of enchant armour {unknown}
 c - 2 scrolls of vulnerability {unknown}
 i - 2 scrolls of poison {unknown}
 l - 4 scrolls of teleportation {unknown}
 m - 6 scrolls of identify {unknown}
 p - 2 scrolls of fear {unknown}
 r - a scroll of acquirement {unknown}
 w - a scroll of amnesia {unknown}
 y - 2 scrolls of fog {unknown}
 z - 2 scrolls of blinking {unknown}
 A - a scroll of silence {unknown}
 D - a scroll of immolation {unknown}
 E - a scroll of brand weapon {unknown}
 F - a scroll of noise {unknown}
Potions
 f - 2 potions of berserk rage {unknown}
 j - 3 potions of invisibility {unknown}
 k - 2 potions of attraction {unknown}
 n - 3 potions of mutation {unknown}
 o - 2 potions of ambrosia {unknown}
 q - 4 potions of heal wounds {unknown}
 s - 3 potions of lignification {unknown}
 v - a potion of brilliance {unknown}
 x - a potion of resistance {unknown}
 G - a potion of cancellation {unknown}
 I - a potion of degeneration {unknown}


   Skills:
 + Level 7.1 Fighting
 + Level 7.7 Maces & Flails
 + Level 6.3 Polearms
 + Level 7.8 Armour
 + Level 3.3 Dodging
 + Level 0.1 Stealth
 + Level 4.3 Shields


You had 8 spell levels left.
You didn't know any spells.
Your spell library was empty.

Dungeon Overview and Level Annotations

Branches:
Dungeon (8/15)             Temple (0/1) D:4
   Lair: D:8-11

Altars:
Hepliaklqana
Qazlal
Ru
Uskayaw
Vehumet
Xom
Yredelemnul

Shops:
D:6 (

Annotations:
D:8 Erica


Innate Abilities, Weirdness & Mutations

You have a pair of horns on your head.
You reflexively headbutt those who attack you in melee.


Message History

You feel sick.
You feel yourself slow down.
You feel very sick.
You feel sick.
You feel sick.
You feel sick. You block something's attack. x2
You feel sick.
You are no longer poisoned.
Throw: throwing net
Press: ? - help, Q - select action, (/) - cycle Shift-Dir - straight line You throw a throwing net.
Something hits you but does no damage. Something grabs you.
You are constricted.
Something hits you but does no damage.
You are constricted.
Aiming: Iceblast
Press: ? - help, Q - select action, (/) - cycle Shift-Dir - straight line The mass of ice explodes!
The iceblast engulfs something!
The iceblast engulfs you but does no damage.
You hear a croak.
Something completely misses you.
You are constricted.
Aiming: Iceblast
Press: ? - help, Q - select action, (/) - cycle Shift-Dir - straight line The mass of ice explodes!
The iceblast engulfs something!
The iceblast engulfs you.
You hear a croak.
Something hits you. Something burns you.
You are constricted.
Something hits you! Something burns you.
You are constricted.
* * * LOW HITPOINT WARNING * * *
You bludgeon something!! Something hits you.
* * * LOW HITPOINT WARNING * * *
Something burns you.
* * * LOW HITPOINT WARNING * * *
You are constricted.
You sock something! You headbutt something. Something hits you.
* * * LOW HITPOINT WARNING * * *
Something burns you.
* * * LOW HITPOINT WARNING * * *
You are constricted.
You block something's attack.
You are constricted.
* * * LOW HITPOINT WARNING * * *
You miss something. Something hits you!
You die...

######## #.. . ..
........ ...
##...#.#.#........ ..
.......#.#.######.
....#.##.#.. #. ..
##..#........# #. ...
............# #.
...##.<#.#......# #.
..{...#@#......########.
#....#{#...............
.##....#.#......#########
................########
........................
.....#!...##...########.
........(.........#
###...###.....###.....
#..# ####### ###.


There were no monsters in sight!

Vanquished Creatures
  A steam dragon (D:6)
  Edmund (D:4)
  A water moccasin (D:7)
  3 orc warriors
  A hornet zombie (D:7)
  2 ogres (D:5)
  2 scorpions
  A wyvern zombie (D:7)
  A gnoll sergeant (D:5)
  3 wights (D:6)
  3 orc priests
  5 hounds
  2 jellies
  A gnoll bouda (D:6)
  2 sleepcaps
  4 iguanas
  4 orc wizards
  15 gnolls
  6 adders
  2 shadow imps
  2 white imps
  2 ufetubi (D:6)
  2 worms
  4 dart slugs
  13 orcs
  3 ball pythons
  3 bats
  5 endoplasms
  3 giant cockroaches (D:1)
  5 goblins
  6 hobgoblins
  5 jackals
  10 kobolds
  5 quokkas
  2 frilled lizards (D:1)
  8 rats
138 creatures vanquished.

Notes
Turn   | Place    | Note
-------+----------+-------------------------------------------
     0 | D:1      | Curundu the Minotaur Berserker began the quest for the Orb.
     0 | D:1      | Reached XP level 1. HP: 19/19 MP: 0/0
    75 | D:1      | Reached XP level 2. HP: 18/27 MP: 1/1
   496 | D:1      | Reached XP level 3. HP: 33/33 MP: 2/2
  1245 | D:2      | Found a shimmering altar of Xom.
  1437 | D:3      | Reached ** piety under Trog
  1456 | D:3      | Reached XP level 4. HP: 32/41 MP: 3/3
  1551 | D:3      | Found a radiant altar of Vehumet.
  1978 | D:4      | Found a staircase to the Ecumenical Temple.
  1988 | D:4      | Reached skill level 5 in Fighting
  1988 | D:4      | Reached XP level 5. HP: 38/48 MP: 4/4
  2036 | D:4      | Reached skill level 5 in Polearms
  2042 | D:4      | Found a stormy altar of Qazlal.
  2060 | D:4      | Reached XP level 6. HP: 55/56 MP: 5/5
  2182 | D:4      | Reached skill level 5 in Armour
  2188 | D:4      | Reached skill level 1 in Maces & Flails
  2242 | D:4      | Identified the +4 trident of Fear {holy, *Corrode rPois rC+
                  | Int+6}
  2470 | D:4      | Found a hazy altar of Hepliaklqana.
  2471 | D:4      | Noticed Edmund
  2472 | D:4      | Found a faded altar of an unknown god.
  2480 | D:4      | Killed Edmund
  2739 | D:4      | Found a sacrificial altar of Ru.
  2833 | D:5      | Entered Level 5 of the Dungeon
  2941 | D:5      | Reached XP level 7. HP: 51/61 MP: 6/6
  3112 | D:5      | Reached *** piety under Trog
  3439 | D:5      | Reached skill level 1 in Shields
  3596 | D:5      | HP: 2/63 [ogre/+0 giant spiked club (19)]
  3598 | D:5      | Reached XP level 8. HP: 3/70 MP: 7/7
  4070 | D:6      | Found Enabb's Antique Weapon Boutique.
  4108 | D:6      | Reached skill level 5 in Maces & Flails
  4857 | D:7      | Identified the +4 mace of Big Damage {heavy, Will+ Dex+3}
  5123 | D:7      | Found a basalt altar of Yredelemnul.
  5177 | D:7      | Found a hide-covered altar of Uskayaw.
  5202 | D:7      | Reached **** piety under Trog
  5348 | D:7      | Reached XP level 9. HP: 74/79 MP: 8/8
  5739 | D:8      | Noticed Erica
  5754 | D:8      | Slain by Erica

Illustrated notes

Levels and vault maps discovered:
D:1:      ncdulo_wetmaze, layout_rooms
D:2:      layout_loops_ring, basic_altar, hex_tiny, minmay_puff
D:3:      layout_basic, nicolae_vehumet_altar_sigil
D:4:      layout_cave_pools, nicolae_ru_path_of_blood, grunt_qazlal_sundering,
          beargit_hepliaklqana_dungeon_heroes, minmay_temple_entry_from_below_a,
          hangedman_decor_peaks_small, cheibrodos_gnoll_hut
D:5:      layout_basic
D:6:      layout_cave_pools, serial_shops, nicolae_shop_tiny_real_fake_doors
D:7:      layout_basic, mainiacjoe_overflow_catwalk,
          lemuel_zombie_altar_yredelemnul
D:8:      layout_basic, mainiacjoe_overflow_six_doors_small,
          amcnicky_altar_gilded, amethyst_overflow_temple_binary, uniq_erica,
          uniq_prince_ribbit1

Skill      XL: |  1  2  3  4  5  6  7  8 |
---------------+-------------------------+-----
Fighting       | 4 5 6 7 |  7.1
Polearms       | 4 5 6 |  6.3
Armour         | 3 4 5 6 7 |  7.8
Maces & Flails | 2 4 7 |  7.7
Dodging        | 3 |  3.3
Shields        | 1 4 |  4.3
Stealth        | |  0.1

Action                     |  1- 3 |  4- 6 |  7- 9 || total
---------------------------+-------+-------+-------++-------
  Melee: Spear             |    80 |    26 |       ||   106
         Punch             |     3 |       |       ||     3
         Headbutt          |    12 |    13 |    31 ||    56
         Whip              |       |    42 |       ||    42
         Flail             |       |    10 |   138 ||   148
         Trident           |       |     8 |       ||     8
  Throw: Throwing net      |       |       |     1 ||     1
  Evoke: Wand              |       |       |     2 ||     2
 Armour: Animal skin       |    13 |       |       ||    13
         Scale mail        |     7 |       |       ||     7
         Plate armour      |    26 |    94 |   136 ||   256
  Dodge: Dodged            |    37 |    47 |    33 ||   117
  Block: Kite shield       |       |    11 |    55 ||    66

Table legend: (Time is in decaauts)
 A = Elapsed time spent in this place.
 B = Non-inter-level travel time spent in this place.
 C = Inter-level travel time spent in this place.
 D = Time resting spent in this place.
 E = Time spent auto-exploring this place.
 F = Levels seen in this place.
 G = Mean time per level.
                   A        B        C        D        E       F      G
               +--------+--------+--------+--------+--------+-----+--------+
         Total |   5796 |   5788 |      8 |    539 |   3707 |   8 |  724.5 |
       Dungeon |   5796 |   5788 |      8 |    539 |   3707 |   8 |  724.5 |
               +--------+--------+--------+--------+--------+-----+--------+

Top non-repeatable levels by time:
     D:5: 1200 daAuts
     D:7: 924 daAuts
     D:4: 907 daAuts
     D:2: 857 daAuts
     D:6: 788 daAuts
     D:1: 574 daAuts
     D:3: 491 daAuts
     D:8: 54 daAuts
